AoeStats
← Bandolero

MegaRandom

508973185Analyzed
4v4 RM · 7d ago on Sep 24, 2026· 48m 14s· 8 players
Game mode
Random Map
Map size
Large (8 player)
Population
200
Speed
Normal
Resources
Standard
Victory
Conquest
Starting age
Dark Age
Ending age
Imperial Age
RankedLock teamsTeams togetherTeam positionsShared explorationLock speedFull tech treeHidden civsTurbo modeCheats
Victory
Defeat
🇨🇴 Persians · Colombia
1880
+8
🇦🇷 Britons · Argentina
1868
+8
🇦🇷 Vietnamese · Argentina
1568
+19
🇦🇷 Franks · Argentina
1554
+20
🇳🇱 Vikings · Netherlands
1707
-15
🇺🇸 Danes · United States
1673
-14
🇨🇦 Vietnamese · Canada
1648
-13
🇨🇳 Mongols · China
1638
-13
BeardyMan37
8:29 Loom
10:27 Feudal Age
10:41 Man-at-Arms
11:39 Arson
14:47 Fletching
16:06 Padded Archer Armor
22:16 Double-Bit Axe
23:38 Horse Collar
27:21 Castle Age
27:43 Crossbowman
28:19 Bodkin Arrow
29:05 Bow Saw
28:36 Fishing Lines
28:59 Heavy Plow
30:07 Wheelbarrow
29:52 Leather Archer Armor
30:57 Ballistics
31:28 Bloodlines
31:19 Husbandry
38:48 Hand Cart
38:21 Town Watch
43:20 Imperial Age
41:02 Gold Mining
41:03 Stone Mining
42:00 Thumb Ring
43:59 Bracer
45:00 Chemistry
43:37 Cranequins
45:38 Ring Archer Armor
47:09 Heavy Mounted Crossbowman
ノルフ
11:48 Feudal Age
10:30 Loom
17:17 Castle Age
15:27 Double-Bit Axe
16:10 Fletching
16:30 Horse Collar
18:18 Bow Saw
19:07 Heavy Plow
20:23 Crossbowman
25:11 Wheelbarrow
24:26 Town Watch
28:44 Padded Archer Armor
29:20 Ballistics
29:56 Hand Cart
31:26 Thumb Ring
32:33 Bodkin Arrow
34:49 Leather Archer Armor
38:15 Imperial Age
40:07 Chemistry
39:08 Bracer
38:30 Arbalester
41:00 Ring Archer Armor
46:30 Siege Engineers
46:48 Town Patrol
veni
8:38 Loom
8:42 Loom
12:55 Feudal Age
13:56 Double-Bit Axe
16:33 Castle Age
14:43 Fletching
15:40 Scale Mail Armor
15:51 Fishing Lines
24:03 Gold Mining
24:26 Bodkin Arrow
25:03 Horse Collar
27:48 Gold Shaft Mining
27:24 Bow Saw
27:15 Heavy Plow
27:51 Gillnets
32:15 Imperial Age
31:39 Chain Mail Armor
31:35 Forging
33:19 Squires
36:11 Bracer
37:57 Chemistry
37:19 Arson
37:19 Arson
37:20 Arson
38:06 Plate Mail Armor
39:31 Careening
40:21 Ballistics
39:30 Elite Longship
42:06 Dry Dock
42:32 Pikeman
44:33 Siege Engineers
44:45 Elite Varangian Guard
46:02 Iron Casting
47:56 Conscription
Bz_青红
5:55 Loom
8:44 Feudal Age
14:22 Double-Bit Axe
24:08 Castle Age
24:09 Town Watch
25:58 Bow Saw
25:40 Fletching
26:37 Bodkin Arrow
30:00 Bloodlines
30:21 Padded Archer Armor
30:42 Husbandry
35:35 Leather Archer Armor
36:00 Ballistics
45:51 Imperial Age
45:27 Elite Skirmisher
46:36 Bracer
47:40 Chemistry
46:23 Imperial Skirmisher
Matazombies
10:45 Feudal Age
11:19 Double-Bit Axe
12:16 Loom
19:22 Castle Age
17:29 Scale Barding Armor
18:18 Bloodlines
18:38 Horse Collar
21:05 Chain Barding Armor
23:43 Wheelbarrow
23:19 Bow Saw
24:11 Medium Warships
24:30 Fletching
25:52 Heavy Plow
27:28 Husbandry
29:40 Forging
31:01 Bodkin Arrow
33:52 Ballistics
35:20 Hand Cart
38:23 Imperial Age
37:03 Gold Mining
38:19 Iron Casting
39:06 Gold Shaft Mining
38:21 Cavalier
40:33 Blast Furnace
41:54 Conscription
41:40 Town Watch
43:05 Plate Barding Armor
42:07 Savar
Bandolero
6:47 Loom
9:47 Feudal Age
10:21 Double-Bit Axe
14:18 Fletching
16:35 Padded Archer Armor
25:42 Castle Age
24:07 Gold Mining
25:42 Crossbowman
26:21 Bodkin Arrow
28:35 Leather Archer Armor
31:38 Bow Saw
33:14 Ballistics
39:17 Imperial Age
36:50 Stone Mining
38:04 Wheelbarrow
38:10 Wheelbarrow
38:26 Town Watch
39:26 Arbalester
41:20 Chemistry
41:27 Bracer
44:02 Ring Archer Armor
45:56 Two-Man Saw
47:07 Thumb Ring
~BroKen~
7:07 Loom
9:52 Feudal Age
10:35 Double-Bit Axe
19:25 Wheelbarrow
22:36 Castle Age
23:34 Forging
23:29 Scale Barding Armor
22:50 Light Cavalry
24:28 Husbandry
26:51 Chain Barding Armor
27:54 Bow Saw
36:48 Hand Cart
43:42 Imperial Age
43:29 Town Watch
45:03 Plate Barding Armor
45:03 Iron Casting
43:50 Cavalier
Lea
7:27 Loom
10:13 Feudal Age
12:16 Double-Bit Axe
18:21 Fletching
21:04 Castle Age
19:42 Gold Mining
21:41 Bodkin Arrow
21:07 Crossbowman
22:29 Bow Saw
25:24 Ballistics
25:23 Horse Collar
27:47 Wheelbarrow
27:18 Town Watch
29:03 Stone Mining
29:16 Fishing Lines
36:02 Imperial Age
34:39 Hand Cart
34:51 Padded Archer Armor
36:56 Bracer
38:02 Chemistry
38:06 Conscription
44:24 Leather Archer Armor
44:04 Elite Longbowman
45:38 Ring Archer Armor
46:10 Yeomen
46:48 Town Patrol
Connection lost

Rejoining the realm…

Still unreachable

The connection could not be restored.

Session expired

The server has moved on; the page needs a fresh start.